BSA
SAN FRANCISCO BANDITS @ NEVADA NOISE
09/04/2028
 
TOP OF THE 1ST
San Francisco Bandits batting - Pitching for Nevada Noise : RHP Arthur López
Pitching: RHP Arthur López
Batting: RHB Javier Ramírez 0-0: Called Strike
0-1: Ball
1-1: Ball
2-1: Foul Ball, location: 2F
2-2: Ball
3-2: Base on Balls
Batting: RHB Scott Merritt 0-0: Ball
1-0: Called Strike
1-1: Ball
2-1: Fly out, F8 (Flyball, 8RM)
Batting: RHB Juan Mendoza 0-0: Ground out 5-3 (Groundball, 56S)
Javier Ramírez to second
Batting: LHB Mario García 0-0: Called Strike
0-1: Ball
Balk!
Javier Ramírez to third
1-1: Swinging Strike
1-2: Ball
2-2: Strikes out swinging
Top of the 1st over - 0 run(s), 0 hit(s), 0 error(s), 1 left on base; San Francisco 0 - Nevada 0
BOTTOM OF THE 1ST
Nevada Noise batting - Pitching for San Francisco Bandits : RHP Mabuchi Yoshida
Pitching: RHP Mabuchi Yoshida
Batting: RHB Max Jones 0-0: Foul Ball, location: 2F
0-1: Swinging Strike
0-2: Ball
1-2: Ground out 5-3 (Groundball, 56S)
Batting: LHB Stanley Mullins 0-0: Foul Ball, location: 2F
0-1: SINGLE (Groundball, 3D)
Batting: SHB Julián Madrid 0-0: Ball
1-0: Called Strike
1-1: Ball
2-1: Called Strike
Throwing error on steal attempt, E2
Stanley Mullins to third
2-2: Ball
3-2: Base on Balls
Batting: LHB Willie Wallace 0-0: Called Strike
0-1: Called Strike
0-2: Foul Ball, location: 2F
0-2: Ball
1-2: Strikes out swinging
Batting: RHB Fernando Gálvez 0-0: Ball
1-0: Ball
2-0: Foul Ball, location: 2F
2-1: Foul Ball, location: 2F
2-2: Foul Ball, location: 2F
2-2: Foul Ball, location: 2F
2-2: Fly out, F8 (Flyball, 8RS)
Bottom of the 1st over - 0 run(s), 1 hit(s), 1 error(s), 2 left on base; San Francisco 0 - Nevada 0
TOP OF THE 2ND
San Francisco Bandits batting - Pitching for Nevada Noise : RHP Arthur López
Batting: LHB Anacleto Morillo 0-0: Ball
1-0: Foul Ball, location: 2F
1-1: Called Strike
1-2: Ball
2-2: Ball
3-2: Foul Ball, location: 2F
3-2: Fly out, F5 (Popup, 5L)
Batting: RHB David Crespo 0-0: Called Strike
0-1: Called Strike
0-2: Ball
1-2: Ground out 1-3 (Groundball, P)
Batting: RHB Ramón Ruíz 0-0: Ball
1-0: Called Strike
1-1: SOLO HOME RUN (Flyball, 78XD), Distance : 403 ft
Batting: RHB Michael Elliott 0-0: Ball
1-0: Called Strike
1-1: Fly out, F9 (Flyball, 89M)
Top of the 2nd over - 1 run(s), 1 hit(s), 0 error(s), 0 left on base; San Francisco 1 - Nevada 0
BOTTOM OF THE 2ND
Nevada Noise batting - Pitching for San Francisco Bandits : RHP Mabuchi Yoshida
Batting: RHB Fernando Martínez 0-0: Foul Ball, location: 2F
0-1: Called Strike
0-2: Foul Ball, location: 2F
0-2: Strikes out swinging
Batting: RHB Pepe González 0-0: Ball
1-0: Foul Ball, location: 2F
1-1: Foul Ball, location: 2F
1-2: Foul Ball, location: 2F
1-2: Ball
2-2: Ball
3-2: Ground out 6-3 (Groundball, 6)
Batting: RHB Vern Carlton 0-0: Ball
1-0: Called Strike
1-1: Ground out 5-3 (Groundball, 56)
Bottom of the 2nd over - 0 run(s), 0 hit(s), 0 error(s), 0 left on base; San Francisco 1 - Nevada 0
TOP OF THE 3RD
San Francisco Bandits batting - Pitching for Nevada Noise : RHP Arthur López
Batting: RHB Glenn Melican 0-0: Foul Ball, location: 2F
0-1: Ball
1-1: Swinging Strike
1-2: Foul Ball, location: 2F
1-2: Ball
2-2: Strikes out swinging
Batting: RHB Javier Ramírez 0-0: Called Strike
0-1: Ball
1-1: Ball
2-1: Called Strike
2-2: Ball
3-2: Foul Ball, location: 2F
3-2: Ground out 6-3 (Groundball, 6)
Batting: RHB Scott Merritt 0-0: Ball
1-0: Foul Ball, location: 2F
1-1: SINGLE (Line Drive, 89S)
Batting: RHB Juan Mendoza 0-0: Called Strike
0-1: SINGLE (Groundball, 5) (infield hit)
Scott Merritt to second
Batting: LHB Mario García 0-0: Fielders Choice at 2nd, 4-6 (Groundball, 4)
Top of the 3rd over - 0 run(s), 2 hit(s), 0 error(s), 1 left on base; San Francisco 1 - Nevada 0
BOTTOM OF THE 3RD
Nevada Noise batting - Pitching for San Francisco Bandits : RHP Mabuchi Yoshida
Batting: RHB José Velázquez 0-0: Ground out 6-3 (Groundball, 6)
Batting: RHB Max Jones 0-0: Ground out 6-3 (Groundball, 6M)
Batting: LHB Stanley Mullins 0-0: Ball
1-0: Ball
2-0: Ball
3-0: Foul Ball, location: 2F
3-1: Foul Ball, location: 2F
3-2: Base on Balls
Batting: SHB Julián Madrid 0-0: Called Strike
0-1: Ball
1-1: Ball
2-1: Swinging Strike
2-2: Foul Ball, location: 2F
2-2: Fielders Choice at 2nd, 4-6 (Groundball, 4)
Bottom of the 3rd over - 0 run(s), 0 hit(s), 0 error(s), 0 left on base; San Francisco 1 - Nevada 0
TOP OF THE 4TH
San Francisco Bandits batting - Pitching for Nevada Noise : RHP Arthur López
Batting: LHB Anacleto Morillo 0-0: Ground out 4-3 (Groundball, 4MS)
Batting: RHB David Crespo 0-0: Ball
1-0: Ball
2-0: Hit by Pitch
Batting: RHB Ramón Ruíz 0-0: Swinging Strike
0-1: Called Strike
0-2: Ball
1-2: Ball
2-2: Strikes out swinging
Batting: RHB Michael Elliott Balk!
David Crespo to second
0-0: Foul Ball, location: 2F
0-1: Ball
1-1: Called Strike
1-2: Ball
2-2: Ball
3-2: Foul Ball, location: 2F
3-2: SINGLE (Groundball, 56D)
David Crespo to third
David Crespo scores
Batting: RHB Glenn Melican 0-0: Called Strike
0-1: Ball
1-1: Called Strike
1-2: Foul Ball, location: 2F
1-2: Ball
Michael Elliott steals 2nd base
2-2: Ball
Wild Pitch!
Michael Elliott to third
3-2: Strikes out swinging
Top of the 4th over - 1 run(s), 1 hit(s), 0 error(s), 1 left on base; San Francisco 2 - Nevada 0
BOTTOM OF THE 4TH
Nevada Noise batting - Pitching for San Francisco Bandits : RHP Mabuchi Yoshida
Batting: LHB Willie Wallace 0-0: Called Strike
0-1: Foul Ball, location: 2F
0-2: Foul Ball, location: 2F
0-2: SINGLE (Line Drive, 7S)
Batting: RHB Fernando Gálvez 0-0: Ball
Willie Wallace steals 2nd base
1-0: Ground out 3-1 (Groundball, 34S)
Willie Wallace to third
Batting: RHB Fernando Martínez 0-0: Called Strike
0-1: Foul Ball, location: 2F
0-2: Ball
1-2: Strikes out swinging
Batting: RHB Pepe González 0-0: Ball
1-0: Ball
2-0: Ball
3-0: Called Strike
3-1: Base on Balls
Batting: RHB Vern Carlton 0-0: Swinging Strike
0-1: Foul Ball, location: 2F
0-2: Ball
1-2: Ball
2-2: Foul Ball, location: 2F
2-2: Strikes out swinging
Bottom of the 4th over - 0 run(s), 1 hit(s), 0 error(s), 2 left on base; San Francisco 2 - Nevada 0
TOP OF THE 5TH
San Francisco Bandits batting - Pitching for Nevada Noise : RHP Arthur López
Batting: RHB Javier Ramírez 0-0: Ball
1-0: Ball
2-0: Called Strike
2-1: Ball
3-1: Swinging Strike
3-2: SINGLE (Groundball, 56S) (infield hit)
Batting: RHB Scott Merritt 0-0: Ball
1-0: Called Strike
Pickoff Throw to First - Error! E1
Javier Ramírez to second
1-1: Ball
2-1: DOUBLE (Line Drive, 7D)
Javier Ramírez scores
Batting: RHB Juan Mendoza 0-0: Called Strike
0-1: Swinging Strike
0-2: Ball
1-2: Ball
2-2: Strikes out swinging
Batting: LHB Mario García 0-0: Called Strike
0-1: Ground out 3-1 (Groundball, 34)
Scott Merritt to third
Batting: LHB Anacleto Morillo 0-0: Ball
1-0: Ball
2-0: Foul Ball, location: 2F
2-1: Foul Ball, location: 2F
2-2: Foul Ball, location: 2F
2-2: Foul Ball, location: 2F
2-2: Fly out, F7 (Flyball, 7)
Top of the 5th over - 1 run(s), 2 hit(s), 1 error(s), 1 left on base; San Francisco 3 - Nevada 0
BOTTOM OF THE 5TH
Nevada Noise batting - Pitching for San Francisco Bandits : RHP Mabuchi Yoshida
Batting: RHB José Velázquez 0-0: Foul Ball, location: 2F
0-1: Ball
1-1: Ground out 6-3 (Groundball, 6S)
Batting: RHB Max Jones 0-0: Ball
1-0: Called Strike
1-1: DOUBLE (Flyball, 78D)
Batting: LHB Stanley Mullins 0-0: Called Strike
0-1: Swinging Strike
0-2: Ground out 4-3 (Groundball, 4)
Max Jones to third
Batting: SHB Julián Madrid 0-0: Called Strike
0-1: Ground out 4-3 (Groundball, 4D)
Bottom of the 5th over - 0 run(s), 1 hit(s), 0 error(s), 1 left on base; San Francisco 3 - Nevada 0
TOP OF THE 6TH
San Francisco Bandits batting - Pitching for Nevada Noise : RHP Arthur López
Pitching: RHP Mike Pierce
Batting: RHB David Crespo 0-0: Called Strike
0-1: Ball
1-1: Foul Ball, location: 2F
1-2: Ball
2-2: Foul Ball, location: 2F
2-2: Strikes out swinging
Batting: RHB Ramón Ruíz 0-0: Ball
1-0: Ball
2-0: Ball
3-0: Base on Balls
Batting: RHB Michael Elliott 0-0: Ball
1-0: Foul Ball, location: 2F
1-1: Ball
2-1: Called Strike
2-2: Ball
3-2: Foul Ball, location: 2F
3-2: Base on Balls
Ramón Ruíz to second
Batting: RHB Glenn Melican 0-0: Ball
1-0: Ball
2-0: Ball
3-0: Base on Balls
Ramón Ruíz to third
Michael Elliott to second
Batting: RHB Javier Ramírez 0-0: Ball
1-0: Called Strike
1-1: Ball
2-1: Fly out, F3 (Popup, 3D)
Batting: RHB Scott Merritt 0-0: Ball
1-0: Foul Ball, location: 2F
1-1: Ball
2-1: Ball
Wild Pitch!
Ramón Ruíz scores
Michael Elliott to third
Glenn Melican to second
3-1: Base on Balls
Pitching: LHP José Mercado
Batting: RHB Juan Mendoza 0-0: Called Strike
0-1: Ball
1-1: Fly out, F7 (Line Drive, 7)
Top of the 6th over - 1 run(s), 0 hit(s), 0 error(s), 3 left on base; San Francisco 4 - Nevada 0
BOTTOM OF THE 6TH
Nevada Noise batting - Pitching for San Francisco Bandits : RHP Mabuchi Yoshida
Batting: LHB Willie Wallace 0-0: Ground out 1-3 (Groundball, 15)
Batting: RHB Fernando Gálvez 0-0: Swinging Strike
0-1: Foul Ball, location: 2F
0-2: Foul Ball, location: 2F
0-2: Ball
1-2: Strikes out swinging
Batting: RHB Fernando Martínez 0-0: Ball
1-0: Called Strike
1-1: Ground out 6-3 (Groundball, 6)
Bottom of the 6th over - 0 run(s), 0 hit(s), 0 error(s), 0 left on base; San Francisco 4 - Nevada 0
TOP OF THE 7TH
San Francisco Bandits batting - Pitching for Nevada Noise : LHP José Mercado
Batting: LHB Mario García 0-0: Called Strike
0-1: Foul Ball, location: 2F
0-2: Ball
1-2: SINGLE (Groundball, 34D)
Batting: LHB Anacleto Morillo 0-0: Called Strike
0-1: Foul Ball, location: 2F
0-2: Foul Ball, location: 2F
0-2: Ball
1-2: Ball
2-2: DOUBLE (Flyball, 7LD)
Mario García to third
Batting: RHB David Crespo 0-0: Called Strike
0-1: Fly out, F4 (Flyball, 4MD)
Batting: RHB Ramón Ruíz 0-0: Ball
1-0: SINGLE (Groundball, 34D)
Mario García scores
Anacleto Morillo to third
Runner from 3rd tries for Home, SAFE, throw made home
Batting: RHB Michael Elliott 0-0: Ball
1-0: Swinging Strike
1-1: Swinging Strike
1-2: Strikes out swinging
Batting: RHB Glenn Melican 0-0: Ball
1-0: Foul Ball, location: 2F
1-1: Ball
2-1: Ball
3-1: Foul Ball, location: 2F
3-2: Foul Ball, location: 2F
3-2: Reached on error, E5 (Groundball, 5S)
Ramón Ruíz to third
Batting: RHB Javier Ramírez 0-0: Called Strike
0-1: Ball
1-1: Swinging Strike
1-2: Strikes out swinging
Top of the 7th over - 2 run(s), 3 hit(s), 1 error(s), 2 left on base; San Francisco 6 - Nevada 0
BOTTOM OF THE 7TH
Nevada Noise batting - Pitching for San Francisco Bandits : RHP Mabuchi Yoshida
Batting: RHB Pepe González 0-0: Ball
1-0: Ground out 5-3 (Groundball, 56S)
Batting: RHB Vern Carlton 0-0: Ground out 6-3 (Groundball, 6)
Batting: RHB José Velázquez 0-0: Ball
1-0: Called Strike
1-1: Called Strike
1-2: Ball
2-2: Fly out, F4 (Popup, 4D)
Bottom of the 7th over - 0 run(s), 0 hit(s), 0 error(s), 0 left on base; San Francisco 6 - Nevada 0
TOP OF THE 8TH
San Francisco Bandits batting - Pitching for Nevada Noise : LHP José Mercado
Batting: RHB Scott Merritt 0-0: Ball
1-0: Foul Ball, location: 2F
1-1: Foul Ball, location: 2F
1-2: Ball
2-2: Ball
3-2: Fly out, F8 (Line Drive, 8LM)
Pitching: RHP Isaac Pope
Batting: RHB Juan Mendoza 0-0: Called Strike
0-1: Ball
1-1: Foul Ball, location: 2F
1-2: Strikes out swinging
Batting: LHB Mario García 0-0: Fly out, F8 (Flyball, 8RM)
Top of the 8th over - 0 run(s), 0 hit(s), 0 error(s), 0 left on base; San Francisco 6 - Nevada 0
BOTTOM OF THE 8TH
Nevada Noise batting - Pitching for San Francisco Bandits : RHP Mabuchi Yoshida
Now at SS: Raúl Bruno
Batting: RHB Max Jones 0-0: Called Strike
0-1: Foul Ball, location: 2F
0-2: Ball
1-2: Ground out 6-3 (Groundball, 6)
Batting: LHB Stanley Mullins 0-0: Fly out, F6 (Line Drive, 56)
Batting: SHB Julián Madrid 0-0: Ball
1-0: Ground out 4-3 (Groundball, 4)
Bottom of the 8th over - 0 run(s), 0 hit(s), 0 error(s), 0 left on base; San Francisco 6 - Nevada 0
TOP OF THE 9TH
San Francisco Bandits batting - Pitching for Nevada Noise : RHP Isaac Pope
Pitching: RHP Jorge Pérez
Batting: LHB Anacleto Morillo 0-0: Ball
1-0: Foul Ball, location: 2F
1-1: Ground out 6-3 (Groundball, 6MS)
Batting: RHB David Crespo 0-0: Ball
1-0: Ball
2-0: Called Strike
2-1: Ball
3-1: Ground out 5-3 (Groundball, 5)
Batting: RHB Ramón Ruíz 0-0: Called Strike
0-1: Called Strike
0-2: Foul Ball, location: 2F
0-2: Strikes out swinging
Top of the 9th over - 0 run(s), 0 hit(s), 0 error(s), 0 left on base; San Francisco 6 - Nevada 0
BOTTOM OF THE 9TH
Nevada Noise batting - Pitching for San Francisco Bandits : RHP Mabuchi Yoshida
Now at 1B: Alan McGilroy
Now at 3B: José Sánchez
Batting: LHB Willie Wallace 0-0: Ball
1-0: Foul Ball, location: 2F
1-1: Fly out, F7 (Flyball, 7LDF)
Batting: RHB Fernando Gálvez 0-0: Called Strike
0-1: SINGLE (Groundball, 56D)
Batting: RHB Fernando Martínez 0-0: Ball
1-0: Ground out 3-1 (Groundball, 34S)
Fernando Gálvez to second
Batting: RHB Pepe González 0-0: Foul Ball, location: 2F
0-1: Ball
1-1: Ground out 5-3 (Groundball, 56S)
Bottom of the 9th over - 0 run(s), 1 hit(s), 0 error(s), 1 left on base; San Francisco 6 - Nevada 0
Tuesday, August 8th, 2017 - OOTP Baseball 17.12 Build 75